In this map this is the way. neglect the side close to enemy base

Match 12601921
End
Selects Special Operations Battlegroup
Construct Weapon Support Center
Selects M29 Weasel Recon Vehicle
M29 Weasel Recon Vehicle
M1919 Machine Gun Team
Construct Medical Station
Mechanized Support Center
Engineer Squad
Selects Raiding Flares
.30 cal Machine Gun
Mortar Pit
Construct Tank Depot
.30 cal Machine Gun
Selects SSF Commando Squad
SSF Commando Squad
Mortar Pit
SSF Commando Squad
.30 cal Machine Gun
Mortar Pit
SSF Commando Squad
Selects Mark Vehicle
.30 cal Machine Gun
M4A1 76mm Conversion
Specialized Munitions
Improvised Armor
SSF Commando Squad
M4A1(76) Sherman Medium Tank
Selects M4A1 Sherman Whizbang
M4A1 Sherman Whizbang
Raiding Flares
SSF Commando Squad
StardustMirage
✪ Best Noob EU
사람이왜살지
落桜織夜
Axis Kaisar
Para_Dilshan
0
0

Comments sign in to comment!

No comments posted yet!